 Dungeon Crawl Stone Soup version 0.28-a0-1190-g77e1c55843 (webtiles) character file.

Game seed: 14875952651574146950

296 porpoise the Magician (level 6, 0/32 HPs)
             Began as a Deep Elf Conjurer on Dec 19, 2021.
             Slain by a bullfrog (2 damage)
             ... in a sewer.
             The game lasted 00:10:21 (3195 turns).

porpoise the Magician (Deep Elf Conjurer)           Turns: 3195, Time: 00:10:22

Health: 0/32       AC:  4    Str:  6    XL:     6   Next: 12%
Magic:  4/17       EV:  9    Int: 21    God:
Gold:   80         SH:  0    Dex: 13    Spells: 6/17 levels left

rFire   . . .      SeeInvis .   b - +0 hunting sling
rCold   . . .      Faith    .   (no shield)
rNeg    . . .      Spirit   .   a - +0 robe
rPois   .          Reflect  .   (no helmet)
rElec   .          Harm     .   f - +0 cloak
rCorr   .          Rampage  .   (no gloves)
Will    .....                   p - +0 pair of boots
Stlth   +.........              (no amulet)
HPRegen 0.10/turn               (no ring)
MPRegen 0.15/turn               (no ring)

@: constricted, very slow
A: hooves 1, dopey 1, mutation resistance 1
a: no special abilities


You were in a sewer.
You visited 1 branch of the dungeon, and saw 3 of its levels.
You also visited: Sewer.

You collected 80 gold pieces.

Inventory:

Hand Weapons
 b - a +0 hunting sling (weapon)
Missiles
 e - 52 sling bullets (quivered ammo)
 h - 47 stones
 i - 15 poisoned darts
Armour
 a - a +0 robe (worn)
 f - a +0 cloak (worn)
 p - a +0 pair of boots (worn)
Scrolls
 g - a scroll of summoning {unknown}
 j - a scroll of acquirement {unknown}
 n - 2 scrolls of teleportation {unknown}
 r - a scroll of enchant armour {unknown}
 s - a scroll of fear {unknown}
 t - a scroll of enchant weapon {unknown}
 u - a scroll of fog
Potions
 c - 2 potions of curing
 d - a potion of attraction
 k - a potion of haste
 m - a potion of ambrosia {unknown}
 o - 2 potions of flight
 q - a potion of berserk rage {unknown}


   Skills:
 - Level 2.4 Dodging
 + Level 3.2 Stealth
 * Level 6.2 Spellcasting
 - Level 5.8 Conjurations
 * Level 3.0 Hexes


You had 6 spell levels left.
You knew the following spells:

 Your Spells              Type           Power      Damage    Failure   Level
a - Magic Dart            Conj           100%       1d8       1%          1
b - Searing Ray           Conj           60%        2d6       1%          2
c - Fulminant Prism       Conj/Hex       12%        3d9       16%         4
d - Iskenderun's Mystic   Conj/Tloc      18%        2d6       28%         4

Your spell library contained the following spells:

 Spells                   Type           Power      Damage    Failure   Level
 Dazzling Flash           Conj/Hex       50%        N/A       4%          3
 Silence                  Hex/Air        6%         N/A       82%         5
 Agony                    Necr           6%         N/A       95%         5


Dungeon Overview and Level Annotations

Branches:
Dungeon (3/15)              Sewer (1/1)

Altars:
The Shining One


Innate Abilities, Weirdness & Mutations

You have large cloven feet.
You are dopey. (Int -2)
You are somewhat resistant to further mutation.


Message History

The searing ray hits the bullfrog.
The bullfrog is moderately wounded.
The searing ray hits the bullfrog!
The bullfrog is severely wounded.
The bullfrog closely misses you. The bullfrog hits you!
The searing ray hits the bullfrog.
The bullfrog is almost dead.
The bullfrog hits you but does no damage.
The bullfrog closely misses you. x2
Unknown command.
The searing ray hits the bullfrog.
You kill the bullfrog!
You finish channelling your searing ray.
The bullfrog hits you!
Your Stealth skill increases to level 3!
Your Spellcasting skill increases to level 6!
Your Hexes skill increases to level 3!
You have reached level 6!
The bullfrog closely misses you. The bullfrog hits you.
The bullfrog hits you but does no damage.
The ball python barely misses you. The ball python closely misses you.
The bullfrog closely misses you.
A frilled lizard comes into view.
The ball python bites you but does no damage.
The ball python grabs you. The ball python constricts you.
You escape the ball python's grasp.
The ball python hisses angrily.
The bullfrog closely misses you. The bullfrog hits you.
* * * LOW HITPOINT WARNING * * *
The ball python bites you.
* * * LOW HITPOINT WARNING * * *
The ball python barely misses you. The bullfrog hits you.
* * * LOW HITPOINT WARNING * * *
The ball python barely misses you. The ball python grabs you.
The ball python constricts you.
* * * LOW HITPOINT WARNING * * *
It was a potion of mutation.
You feel extremely strange.
You feel stupid.
You feel genetically stable.
Your feet thicken and deform.
The bullfrog closely misses you. The bullfrog hits you.
You die...

##†..# +....# #....#
##...##
##################....#
.#≈≈≈≈≈≈≈≈≈≈≈≈≈≈≈#.....#
.≈≈≈≈≈≈≈≈≈≈≈≈≈≈≈≈.....##
.F≈≈≈≈l≈≈≈≈≈≈≈F≈≈.....#
..≈≈≈≈≈#≈≈#≈≈≈S@≈.....#
.≈≈≈≈≈≈†l.≈≈≈≈S≈≈....##
S#≈≈≈≈≈≈≈≈≈≈≈≈≈≈≈#.###
###################


You could see a bullfrog, 2 ball pythons and a frilled lizard.

Vanquished Creatures
  A bullfrog (Sewer)
  An iguana (D:3)
  10 adders
  3 river rats (Sewer)
  2 worms
  2 dart slugs (D:2)
  11 endoplasms
  3 giant cockroaches
  5 goblins
  6 kobolds
  A quokka (D:2)
  5 ball pythons
  5 bats
  4 frilled lizards
  28 rats
87 creatures vanquished.

Notes
Turn   | Place    | Note
-------+----------+-------------------------------------------
     0 | D:1      | porpoise the Deep Elf Conjurer began the quest for the Orb.
     0 | D:1      | Reached XP level 1. HP: 10/10 MP: 6/6
   189 | D:1      | Reached XP level 2. HP: 15/15 MP: 4/8
   192 | D:1      | Learned a level 2 spell: Searing Ray
   225 | D:1      | You fall into a shaft and drop 1 floor!
   486 | D:1      | Reached skill level 4 in Spellcasting
   673 | D:1      | Reached XP level 3. HP: 19/19 MP: 7/10
   934 | D:1      | Reached skill level 5 in Conjurations
  1791 | D:3      | Found a glowing golden altar of the Shining One.
  1815 | D:3      | Reached XP level 4. HP: 23/24 MP: 0/12
  1956 | D:3      | Found a faded altar of an unknown god.
  2061 | D:3      | Found a glowing drain.
  2078 | Sewer    | Entered a sewer
  2130 | Sewer    | Reached skill level 5 in Spellcasting
  2432 | Sewer    | Learned a level 4 spell: Fulminant Prism
  2437 | Sewer    | Learned a level 4 spell: Iskenderun's Mystic Blast
  2477 | Sewer    | Reached XP level 5. HP: 28/28 MP: 10/14
  2711 | Sewer    | Reached skill level 1 in Hexes
  3191 | Sewer    | Reached skill level 6 in Spellcasting
  3191 | Sewer    | Reached XP level 6. HP: 16/32 MP: 3/17
  3195 | Sewer    | Gained mutation: You are dopey. (Int -2) [potion of
                  | mutation]
  3195 | Sewer    | Gained mutation: You are somewhat resistant to further
                  | mutation. [potion of mutation]
  3195 | Sewer    | Gained mutation: You have large cloven feet. [potion of
                  | mutation]
  3195 | Sewer    | Slain by a bullfrog

Illustrated notes

Levels and vault maps discovered:
D:1:      shiori_arrival_elements, layout_basic
D:2:      layout_rooms
D:3:      layout_basic, nicolae_overflow_hidden_temple,
          chequers_ecumenical_altar_simple, cheibrodos_sewer_entry_sluice,
          grunt_decor_one_mirror, minmay_goblin_outpost
Sewer:    sewer_minmay_w

Skill      XL: |  1  2  3  4  5 |
---------------+----------------+-----
Spellcasting   | 4 5 6 |  6.2
Conjurations   | 5 |  5.8
Hexes          | 3 |  3.0
Stealth        | 3 |  3.2
Dodging        | |  2.4

Action                   |  1- 3 |  4- 6 || total
-------------------------+-------+-------++-------
 Fire: Hunting sling     |    10 |     1 ||    11
 Cast: Magic Dart        |    54 |    25 ||    79
       Searing Ray       |     4 |    20 ||    24
  Use: Scroll            |     5 |     1 ||     6
       Potion            |       |     1 ||     1
Armor: Robe              |     4 |     5 ||     9
Dodge: Dodged            |    16 |    24 ||    40

Table legend: (Time is in decaauts)
 A = Elapsed time spent in this place.
 B = Non-inter-level travel time spent in this place.
 C = Inter-level travel time spent in this place.
 D = Time resting spent in this place.
 E = Time spent auto-exploring this place.
 F = Levels seen in this place.
 G = Mean time per level.
                   A        B        C        D        E       F      G
               +--------+--------+--------+--------+--------+-----+--------+
         Total |   3245 |   3205 |     40 |   1676 |    825 |   4 |  811.2 |
       Dungeon |   2081 |   2041 |     40 |    834 |    805 |   3 |  693.7 |
         Sewer |   1164 |   1164 |      0 |    842 |     20 |   1 | 1164.0 |
               +--------+--------+--------+--------+--------+-----+--------+

Top non-repeatable levels by time:
     D:1: 1179 daAuts
   Sewer: 1164 daAuts
     D:2: 603 daAuts
     D:3: 297 daAuts
